[Event "*** Titled Tuesday 3|2 Blitz (Early)"]
[Site "Chess.com"]
[Date "2016.11.01"]
[Round "3"]
[White "Ginger_GM"]
[Black "chito89"]
[Result "1-0"]
[WhiteElo "2434"]
[BlackElo "2504"]
[TimeControl "180+2"]
[EndTime "11:35:01 PDT"]
[Termination "Ginger_GM won by resignation"]

1. d4 d5 2. c4 dxc4 3. e3 Nf6 4.
Bxc4 e6 5. Nf3 a6 6. O-O Nbd7 7. Nc3 b5 8. Bb3 Bb7 9. e4 b4 10. Na4 Bxe4 11. Ng5 Bd5 12. Re1 Be7 13. Qd3 O-O 14.
Bxd5 exd5 15. Qf5 h6 16. Nf3 c5 17. Bf4 Re8 18. Ne5 Rc8 19. Rad1 c4 20. Re3 Bf8 21. Rg3 Nxe5 22. Bxe5 Ne4 23. Rf3 f6 24. Bf4 c3 25.
bxc3 bxc3 26. Rc1 c2 27. h4 Qa5 28. Nc5 Nxc5 29. Qxd5+ Kh8 30. dxc5 Re1+ 31. Kh2 Rxc1 32. Bxc1 Qxc5 33. Qd7 h5 34. Rf5 Qc7+ 35. Qxc7 Rxc7 36. Rxh5+ Kg8 37. Rd5 Kf7 38. Kg3 Rc3+ 39. Kf4 Ba3 40.
Bxa3 Rxa3 41. Rc5 Rxa2 42. Kf5 g6+ 43. Ke4 Ke6 44. Rc6+ Kd7 45. Rc3 a5 46. g4 a4 47.
h5 gxh5 48. gxh5 Ke6 49. h6 f5+ 50. Kf4 Kf6 51. Rc6+ Kf7 52. Kg5 a3 53. h7 c1=Q+ 54. Rxc1 1-0

[Event "*** Titled Tuesday 3|2 Blitz (Early)"]
[Site "Chess.com"]
[Date "2016.11.01"]
[Round "3"]
[White "VSERGUEI"]
[Black "TheCount"]
[Result "1-0"]
[WhiteElo "2572"]
[BlackElo "2425"]
[TimeControl "180+2"]
[EndTime "11:35:11 PDT"]
[Termination "VSERGUEI won by resignation"]

1. d4 Nf6 2. c4 g6 3. Nc3 d5 4.
Nf3 Bg7 5. Bg5 Ne4 6. cxd5 Nxg5 7. Nxg5 e6 8. Qd2 exd5 9. Qe3+ Kf8 10. Nf3 c6 11. g3 Qe7 12. Qd2 Bf6 13. Bg2 Kg7 14. O-O Bg4 15. Rfe1 Nd7 16. h3 Bf5 17. g4 Be4 18. g5 Bxf3 19. gxf6+ Nxf6 20. Bxf3 Rae8 21. e4 dxe4 22. Bxe4 Qd7 23. Bg2 Rd8 24. Rad1 Qf5 25. Re5 Qd7 26. d5 cxd5 27. Nxd5 Qd6 28. Qe3 Rhe8 29. Rxe8 Rxe8 30. Qc3 Re5 31. f4 Rf5 32. Be4 Rxf4 33. Nxf4 Qxd1+ 34. Kg2 h5 35. Bxb7 h4 36. Bf3 Qd6 37. Ne2 Kh7 38. b4 Qe6 39. a4 Nh5 40.
Bxh5 gxh5 41. Qd3+ f5 42. Nd4 Qd5+ 43. Kf2 Qa2+ 44. Ke3 Kg7 45. Nxf5+ Kf6 46. Nd4 Qh2 47.
Qf5+ Ke7 48. b5 Qg3+ 49. Ke4 Qe1+ 50. Kd5 Qh1+ 51. Qe4+ 1-0

[Event "*** Titled Tuesday 3|2 Blitz (Early)"]
[Site "Chess.com"]
[Date "2016.11.01"]
[Round "3"]
[White "AkshatChandra"]
[Black "Keaton87"]
[Result "0-1"]
[WhiteElo "2578"]
[BlackElo "2444"]
[TimeControl "180+2"]
[EndTime "11:35:14 PDT"]
[Termination "Keaton87 won by resignation"]

1. b4 e5 2. a3 d5 3. Bb2 Bd6 4. e3 Nf6 5. Nf3 Nbd7 6. d4 e4 7. Nfd2 O-O 8. c4 c6 9. Nc3 Re8 10. Be2 Nf8 11. g4 Be6 12. g5 N6d7 13. h4 f5 14. Qb3 Kh8 15. Rg1 f4 16. Bh5 fxe3 17. fxe3 Ng6 18. O-O-O Rf8 19. cxd5 cxd5 20. Ndxe4 Be7 21.
Bxg6 hxg6 22. Nc5 Bf5 23. Nxd5 Rc8 24. Nc3 b6 25. Ne6 Qe8 26. Nxf8 Nxf8 27. Rde1 Qc6 28. d5 Qb5 29. e4 Bd7 30. Kb1 Qd3+ 31. Qc2 Qc4 32.
Qe2 Qb3 33. Qc2 Qc4 34. h5 gxh5 35. Qh2 Qd3+ 36. Qc2 Qc4 37. g6 a5 38. Rh1 Bg4 39. Reg1 Bf3 40. Rh3 Qd4 41. Rc1 Bg4 42. Rd3 Qc4 43.
Rg1 axb4 44. axb4 Qxb4 45. Rd2 Bf6 46. Rd3 Nxg6 47. Rc1 Ne5 48. Rg3 Nc4 49. Na2 Na3+ 50. Rxa3 Rxc2 51. Rxc2 Qe1+ 52. Nc1 Qxe4 53. Bxf6 Bf5 54.
Rc3 gxf6 55. Kb2 Qxd5 56. Nb3 h4 57. Rh2 h3 58. Nc1 Qe5 59. Rxh3+ Bxh3 0-1

[Event "*** Titled Tuesday 3|2 Blitz (Early)"]
[Site "Chess.com"]
[Date "2016.11.01"]
[Round "3"]
[White "howitzer14"]
[Black "Izoria123"]
[Result "1-0"]
[WhiteElo "2770"]
[BlackElo "2572"]
[TimeControl "180+2"]
[EndTime "11:35:18 PDT"]
[Termination "howitzer14 won by resignation"]

1. e4 e6 2. d4 d5 3. Nd2 c5 4. Ngf3 Nf6 5. exd5 Nxd5 6. Nb3 Nd7 7.
c4 N5f6 8. Be2 b6 9. O-O Bb7 10.
Re1 Be7 11. Bf4 O-O 12. Qd3 a5 13. Rad1 a4 14. Nbd2 cxd4 15. Qxd4 Bc5 16. Qc3 Qe7 17. h3 Rfd8 18. Bf1 a3 19. b3 Bb4 20. Qe3 Nc5 21. Be5 Nfe4 22. Nxe4 Nxe4 23. Rxd8+ Rxd8 24. Re2 Bc5 25. Qf4 f5 26. h4 Rd1 27. Ng5 Nf6 28.
Bxf6 Qxf6 29. Rxe6 Qa1 30. Re8+ Bf8 31. Rxf8+ Kxf8 32. Qb8+ Ke7 33. Qxb7+ Kd6 34. Qxb6+ Kd7 35. Qb7+ Kd6 36. Qb6+ Kd7 37. Qe6+ Kc7 38. Qe7+ Kb8 39. Qb4+ Kc8 40. Qc5+ Kb8 41. Qf8+ Kb7 42. Qf7+ Kb8 43. Qe8+ Kb7 44. Qb5+ Kc8 45. c5 Rxf1+ 46. Qxf1 Qxa2 47. Qa6+ Kc7 48. Kh2 Qxb3 49. Ne6+ Kd7 50. c6+ Ke7 51. c7 1-0

[Event "*** Titled Tuesday 3|2 Blitz (Early)"]
[Site "Chess.com"]
[Date "2016.11.01"]
[Round "3"]
[White "PaulfromSPb"]
[Black "GeorgMeier"]
[Result "0-1"]
[WhiteElo "2407"]
[BlackElo "2707"]
[TimeControl "180+2"]
[EndTime "11:35:24 PDT"]
[Termination "GeorgMeier won by resignation"]

1. e4 e6 2. d4 d5 3. Nd2 dxe4 4.
Nxe4 Nd7 5. Nf3 Ngf6 6. Bd3 c5 7. Nxf6+ Nxf6 8. Be3 Qc7 9. O-O a6 10. c3 Be7 11. a4 b6 12. dxc5 Bxc5 13. Bxc5 Qxc5 14. Qe2 Bb7 15. Rfd1 O-O 16. Ne5 Rfd8 17. Bc2 Kf8 18. h3 h6 19. Kh2 Rac8 20. f3 Qc7 21. f4 Kg8 22. Rxd8+ Rxd8 23. Rd1 Rxd1 24. Qxd1 g5 25. Qd4 Nd5 26. fxg5 hxg5 27. Kg1 Nf4 28. Qe3 Kf8 29.
Nf3 Bxf3 30. Qxf3 a5 31. Qe3 Ke7 32. Be4 f5 33. Bf3 Qc5 34. Qxc5+ bxc5 35. Kf1 Nd3 36. b3 Nc1 37. Bd1 Na2 38. c4 Nb4 39. Ke2 Kf6 40. g3 Nc6 41. Ke3 Ne5 42. Be2 Ng6 43.
Bh5 Ne7 44. Bf3 Nc8 45. Bb7 Nd6 46. Bf3 e5 47. h4 f4+ 48. Kf2 fxg3+ 49. Kxg3 gxh4+ 50. Kxh4 e4 51. Bd1 Ke5 52. Kg3 Nf5+ 53. Kf2 Kf4 54. Ke2 Ke5 55. Bc2 Nd4+ 56. Kd2 e3+ 57.
Kd1 e2+ 58. Kd2 Nxc2 59. Kxe2 Kd4 60. Kd2 Nb4 61. Kc1 Kc3 62. Kb1 Kxb3 0-1

[Event "*** Titled Tuesday 3|2 Blitz (Early)"]
[Site "Chess.com"]
[Date "2016.11.01"]
[Round "3"]
[White "ftorodent"]
[Black "viditchess"]
[Result "0-1"]
[WhiteElo "2499"]
[BlackElo "2536"]
[TimeControl "180+2"]
[EndTime "11:35:25 PDT"]
[Termination "viditchess won by resignation"]

1. d4 Nf6 2. c4 g6 3. Nc3 d5 4. Nf3 Bg7 5. cxd5 Nxd5 6. Bg5 O-O 7. Rc1 Nxc3 8. bxc3 c5 9. e3 Nc6 10. Be2 Be6 11.
Qd2 h6 12. Bh4 cxd4 13. cxd4 g5 14. Bg3 Qa5 15. Bc4 Bxc4 16. Rxc4 Qxd2+ 17. Kxd2 Rad8 18. Ke2 f5 19. Rd1 Rd5 20. h3 f4 21. Bh2 fxe3 22.
fxe3 Rfd8 23. Rd2 e6 24. Rb2 R8d7 25. Rbc2 Rb5 26. Rc5 Rxc5 27. Rxc5 Rd5 28. Rc2 Kf7 29. Nd2 Bxd4 30. Ne4 Ke7 31. Rd2 Bb6 32. Rb2 e5 33. Nc3 Rc5 34. Na4 Ra5 35. Nxb6 axb6 36. Rxb6 Rxa2+ 37. Kf3 Ra7 38. Ke4 Kd7 39. Bxe5 Ra4+ 40. Bd4 Kc7 41. Rb5 b6 42. Kd5 Ne7+ 43. Ke6 Nc8 44. Rf5 Kc6 45. Rf6 b5 46. Ke5+ Kd7 47. Rxh6 b4 48.
Rh7+ Kc6 49. Rh8 Kd7 50. Kd5 b3 51. Rh7+ Ne7+ 52. Kc5 Rxd4 53. exd4 b2 0-1

[Event "*** Titled Tuesday 3|2 Blitz (Early)"]
[Site "Chess.com"]
[Date "2016.11.01"]
[Round "3"]
[White "IIIlllII1llIl"]
[Black "ZapataCharlesS"]
[Result "1-0"]
[WhiteElo "2543"]
[BlackElo "2634"]
[TimeControl "180+2"]
[EndTime "11:35:29 PDT"]
[Termination "IIIlllII1llIl won by resignation"]

1. e4 c5 2. c3 b6 3. d4 Bb7 4.
Bd3 cxd4 5. cxd4 d5 6. e5 e6 7. Nf3 Nc6 8. O-O Nge7 9. Nc3 a6 10. Bg5 h6 11. Bh4 g5 12. Bg3 Bg7 13. h4 g4 14.
Nh2 h5 15. f3 gxf3 16. Qxf3 Nf5 17. Ne2 Nce7 18. Bf2 Rc8 19. Nf4 Bc6 20. Nxh5 Bb5 21.
Bxb5+ axb5 22. g4 Rxh5 23. gxh5 Rc4 24. b3 Rc2 25. Ng4 Qc7 26. Qd3 Rc3 27. Qxb5+ Kf8 28.
Kg2 Rc2 29. Qd3 Rc3 30. Qd1 b5 31. Rc1 b4 32. Rxc3 bxc3 33. Qd3 Nh6 34. Ne3 Nef5 35. Rc1 Kg8 36. Rxc3 Qb7 37. Nxf5 Nxf5 38. Rc2 f6 39. exf6 Bxf6 40. Qf3 Qg7+ 41. Kh3 Bxd4 42. Rc1 Bxf2 43. Qxf2 Qe5 44. Rg1+ Kf7 45. h6 Qc3+ 46. Rg3 Qb4 47. Rg7+ Kf8 48. Rg4 Qc3+ 49. Kg2 Ke7 50. Rf4 Ne3+ 51.
Kh2 Qe5 52. Qg3 Nf5 53. Rxf5 Qxf5 54. Qg5+ Qf6 55. h7 1-0

[Event "*** Titled Tuesday 3|2 Blitz (Early)"]
[Site "Chess.com"]
[Date "2016.11.01"]
[Round "3"]
[White "Frolyanov_D"]
[Black "joppie2"]
[Result "1-0"]
[WhiteElo "2448"]
[BlackElo "2538"]
[TimeControl "180+2"]
[EndTime "11:35:36 PDT"]
[Termination "Frolyanov_D won by resignation"]

1. e4 e5 2. Nf3 Nc6 3. Bb5 a6 4. Ba4 g6 5. d4 exd4 6. c3 dxc3 7. Nxc3 h6 8. O-O Bg7 9. Bf4 Nge7 10. Qd2 Kf8 11.
e5 g5 12. Bg3 Nf5 13. Bb3 Nxg3 14. fxg3 d5 15. Bxd5 Bf5 16. Nxg5 Qxg5 17. Qxg5 hxg5 18. Rxf5 Nxe5 19. Raf1 c6 20. Bxf7 Ke7 21. Rxg5 Bf6 22. Rgf5 Ng4 23. R5f4 Nxh2 24. Rxf6 Nxf1 25. Rxf1 Raf8 26.
Bb3 Rh1+ 27. Kxh1 Rxf1+ 28. Kh2 Rf2 29. Nd1 Rd2 30. g4 c5 31. Nc3 Rxb2 32. Na4 Rb1 33. Nxc5 a5 34. g5 b5 35. g6 Kf6 36. Bf7 a4 37. g4 b4 38. g5+ Ke7 39. Bd5 Kf8 40. Ne6+ Kg8 41. Nf4+ Kg7 42. Bf7 Kf8 43. Nh5 Rb2+ 44.
Kg3 Ke7 45. Bd5 b3 46. g7 bxa2 47. Bxa2 Rxa2 48. g8=Q Ra3+ 49. Kg4 Rb3 50. Qg7+ Kd6 51. Qd4+ Ke6 52. Nf4+ Kf7 53. g6+ Kg8 54. Qd8+ Kg7 55. Qe7+ 1-0

[Event "*** Titled Tuesday 3|2 Blitz (Early)"]
[Site "Chess.com"]
[Date "2016.11.01"]
[Round "3"]
[White "Usurpov"]
[Black "ajkom197"]
[Result "1-0"]
[WhiteElo "2271"]
[BlackElo "2321"]
[TimeControl "180+2"]
[EndTime "11:35:54 PDT"]
[Termination "Usurpov won on time"]

1. e4 c6 2. d4 d5 3. Nc3 dxe4 4. Nxe4 Nd7 5. Bc4 Ngf6 6. Ng5 e6 7. Qe2 Nb6 8. Bd3 h6 9. N5f3 c5 10. dxc5 Bxc5 11.
Ne5 Nbd7 12. Ngf3 Nxe5 13. Nxe5 O-O 14. O-O Qc7 15. Bf4 Bd6 16. Rad1 b6 17. Bg3 Bb7 18. c4 Rad8 19. Bc2 Nd7 20. Qd3 Nf6 21. Qe2 Bxe5 22. Bxe5 Qc6 23. f3 Nd7 24. Bd6 Rfe8 25. b4 Nf8 26. Be5 a5 27. a3 axb4 28. axb4 Qc8 29.
Bc3 Rxd1 30. Rxd1 Qc7 31. Qe5 Qxe5 32. Bxe5 Rc8 33. Bd3 Ng6 34. Bd6 Rd8 35. Bc7 Rd7 36. Bxb6 Nf4 37. Bc2 Rxd1+ 38. Bxd1 Nd3 39. b5 Kf8 40.
Be2 Ne5 41. c5 Ke8 42. c6 Nxc6 43. bxc6 Bxc6 44. Bd4 Kf8 45. Kf2 Kg8 46. f4 Bd5 47. g3 Ba2 48. Ke3 Bb1 49. Bc3 Ba2 50. Kd4 Bb1 51. Kc5 Bc2 52. Kd6 Kf8 53. Kd7 Bf5 54. Kd8 f6 55. g4 Be4 56. Bc4 Kf7 57. f5 Bd5 58. Bxd5 exd5 59. Kd7 g6 60. Kd6 d4 61.
Bxd4 h5 62. h3 hxg4 63. hxg4 gxf5 64. gxf5 1-0

[Event "*** Titled Tuesday 3|2 Blitz (Early)"]
[Site "Chess.com"]
[Date "2016.11.01"]
[Round "3"]
[White "uzbektiger95"]
[Black "NDePinEsPeRG"]
[Result "0-1"]
[WhiteElo "2623"]
[BlackElo "2644"]
[TimeControl "180+2"]
[EndTime "11:35:56 PDT"]
[Termination "NDePinEsPeRG won by resignation"]

1. c4 Nf6 2. Nc3 g6 3. g3 Bg7 4.
Bg2 O-O 5. d4 d6 6. Nf3 c5 7.
O-O Nc6 8. dxc5 dxc5 9. Bf4 Qb6 10. Qb3 Na5 11. Qxb6 axb6 12. b3 Bf5 13. Rac1 Nc6 14. Ne5 Rfc8 15. Na4 Ra6 16. Rfd1 Kf8 17. Rd2 Ne4 18.
Bxe4 Bxe5 19. Bxe5 Bxe4 20. Bc3 Bf5 21. Rcd1 Ke8 22.
f3 f6 23. Kf2 Nb8 24. g4 Bd7 25. Nb2 Rxa2 26. h4 Bc6 27. h5 g5 28. Nd3 Rxd2 29.
Rxd2 Nd7 30. f4 gxf4 31. Nxf4 Kf7 32. Kg3 Ra8 33. Rb2 Ra1 34. Kf2 Rc1 35. Bd2 Rh1 36.
Bc3 b5 37. cxb5 Bxb5 38. b4 c4 39. Kg2 Bc6+ 40. Kf2 Rc1 41. Bd2 Ra1 42. b5 Be4 43.
Ke3 f5 44. g5 e5 45. g6+ hxg6 46. Nxg6 Ra3+ 47. Kf2 c3 48. Bxc3 Rxc3 49. Rd2 Nf6 50.
Nxe5+ Ke6 51. Ng6 Ng4+ 52. Ke1 Rc1+ 53. Rd1 Rxd1+ 54. Kxd1 Kf6 55. Nf4 Kg5 56. Ne6+ Kxh5 57. Kd2 Kh4 58. Kc3 Kg3 59. Kd4 Kf2 60. Nc5 Bg2 61.
e4 b6 62. Nd7 fxe4 63. Nxb6 e3 64. Na4 e2 65. Nb2 Kf1 66. Nd3 Nf2 0-1

[Event "*** Titled Tuesday 3|2 Blitz (Early)"]
[Site "Chess.com"]
[Date "2016.11.01"]
[Round "3"]
[White "VMikhalevski"]
[Black "Fandorine"]
[Result "1-0"]
[WhiteElo "2517"]
[BlackElo "2615"]
[TimeControl "180+2"]
[EndTime "11:35:59 PDT"]
[Termination "VMikhalevski won by resignation"]

1. Nf3 g6 2. g3 Bg7 3. d4 Nf6 4. Bg2 O-O 5. O-O d6 6. b3 c5 7.
Bb2 cxd4 8. Nxd4 d5 9. c4 dxc4 10. bxc4 Qb6 11. Qb3 Na6 12. e3 Nc5 13. Qxb6 axb6 14.
Nc3 Nd3 15. Rab1 e6 16. Ba1 Ne5 17. Rxb6 Nxc4 18. Rb4 Nd6 19. Rd1 Nfe8 20. a4 Nf5 21. Nxf5 gxf5 22. Nb5 Bxa1 23. Rxa1 Ra5 24. Rc1 Bd7 25.
Bxb7 Nf6 26. Bc6 Rc8 27. Nd4 e5 28. Nb3 Ra6 29. Bxd7 Rxc1+ 30. Nxc1 Nxd7 31. Nb3 Rd6 32. a5 Kg7 33. Ra4 Rd3 34. Rb4 Rd6 35. Rb7 Nf6 36. Nc5 Rd1+ 37. Kg2 Rd2 38. h3 Ra2 39. a6 Nd5 40. a7 Nxe3+ 41. Kf3 Nd1 42. g4 Rxf2+ 43. Kg3 f4+ 44. Kh4 Ra2 45. Ne6+ Kf6 46. Nc7 Ne3 47. Rb6+ Ke7 48. a8=Q Rxa8 49. Nxa8 Ng2+ 50. Kg5 f3 51.
Rb2 e4 52. Nb6 Kd6 53. Rd2+ Kc5 54. Nd5 e3 55. Nxe3 Nxe3 56. Rf2 Nc4 57. Rxf3 Nd6 58.
Kh6 Kd5 59. Kxh7 Ke6 60. Kg8 f5 61. g5 f4 1-0

[Event "*** Titled Tuesday 3|2 Blitz (Early)"]
[Site "Chess.com"]
[Date "2016.11.01"]
[Round "3"]
[White "GMKrikor"]
[Black "Danirod"]
[Result "1/2-1/2"]
[WhiteElo "2581"]
[BlackElo "2484"]
[TimeControl "180+2"]
[EndTime "11:36:19 PDT"]
[Termination "Game drawn by agreement"]

1. e4 c5 2. Nf3 g6 3. Bc4 Bg7 4.
c3 e6 5. O-O Ne7 6. d4 cxd4 7.
Nxd4 d5 8. exd5 exd5 9. Bb3 Nbc6 10. Be3 O-O 11. Na3 Nf5 12. Nxf5 Bxf5 13. Qxd5 Na5 14.
Qxd8 Rfxd8 15. Ba4 b6 16. Rfd1 Bf8 17. Bg5 Rxd1+ 18.
Rxd1 Bxa3 19. bxa3 Nc4 20. Bb3 Be6 21. a4 Kg7 22. h3 Rc8 23. Rd4 Rc6 24. Rd8 h6 25.
Bc1 Na5 26. Bxe6 Rxe6 27. Be3 g5 28. Bd4+ f6 29. Rd7+ Kg6 30. Rxa7 Nc6 31. Rd7 Re1+ 32. Kh2 Re2 33. Bxb6 Rxa2 34. a5 Ne5 35. Rc7 h5 36. c4 h4 37. Bd4 Rxa5 38. Bxe5 Rxe5 39. g4 hxg3+ 40. Kxg3 Re2 41. c5 Rc2 42. Rc8 f5 43. Kf3 Rc3+ 44. Kg2 g4 45. hxg4 fxg4 46. c6 Kg7 47. c7 Kh7 48. Kf1 Kg7 49. Ke1 Rc6 50. Kd2 Rc5 51. Kd3 Rc6 52. Kd4 Rc1 53. Kd5 Rd1+ 54.
Ke6 Rc1 55. Kf5 Rc4 56. Kg5 Kh7 57. Kf6 Rc2 58. Ke6 Re2+ 59. Kd5 Rd2+ 60. Ke5 Rc2 61. Kd4 Kg7 62. Kd3 Rc6 63. Ke4 Rc1 64. Kf5 Rc4 65.
Kg5 Kh7 66. Rf8 Rxc7 67. Kxg4 Kg6 68. Rf4 Rc5 69. Rd4 Rg5+ 70. Kf4 Rf5+ 71. Kg3 Ra5 72. f3 Ra6 73. Kg4 Kf6 74. f4 Rb6 75. Rd7 Kg6 76.
Rd5 Ra6 77. Rh5 Ra1 78. f5+ Kg7 79. Rg5+ Kf7 80. Rg6 Rg1+ 81. Kh5 Rh1+ 82. Kg5 Rg1+ 83. Kh6 Rh1+ 84. Kg5 Rg1+ 85. Kh5 Rh1+ 1/2-1/2

[Event "*** Titled Tuesday 3|2 Blitz (Early)"]
[Site "Chess.com"]
[Date "2016.11.01"]
[Round "3"]
[White "Rating-Schmating"]
[Black "Grebeniuk-S"]
[Result "0-1"]
[WhiteElo "2260"]
[BlackElo "2402"]
[TimeControl "180+2"]
[EndTime "11:36:25 PDT"]
[Termination "Grebeniuk-S won by checkmate"]

1. e4 d5 2. exd5 Qxd5 3. Nc3 Qa5 4. g3 Nf6 5. Bg2 c6 6. Nge2 Bg4 7. O-O Nbd7 8. d3 e6 9. Be3 Be7 10. Qd2 O-O 11. f3 Bh5 12. Nf4 Rad8 13. Ne4 Qxd2 14. Bxd2 Bg6 15. Nxg6 hxg6 16. Be3 a6 17. Rad1 Nd5 18.
Bf2 N7f6 19. Nxf6+ Bxf6 20. c3 Be7 21. f4 Nf6 22.
Bf3 Nd7 23. d4 Nf6 24. Rd2 Rd7 25. Rfd1 Rfd8 26. Kg2 Nd5 27. Bxd5 cxd5 28. Kf3 Rc8 29. Rd3 b5 30. g4 b4 31. Be1 bxc3 32. Rxc3 Rxc3+ 33. Bxc3 Rc7 34. Ke3 Kf8 35. Kd3 Ke8 36. Rf1 f5 37.
gxf5 gxf5 38. Rg1 Kf7 39. Rg3 Bd6 40. Ke3 Rc8 41. Rh3 Rb8 42. Kd3 a5 43. Ke3 a4 44. Rf3 Rh8 45. h3 Rc8 46. Kd3 Rh8 47.
Be1 Rb8 48. Bc3 Kf6 49. Rf2 Rh8 50. Rf3 Rh4 51. Bd2 Rh8 52. Bc3 Rh6 53. Be1 Kf7 54.
Ke3 Rh8 55. Kd3 Rc8 56. Bc3 Rg8 57. Ke3 Rh8 58. Kd3 Rh6 59. Bd2 Rg6 60. Kc2 Rg2 61.
Kd3 Rh2 62. b3 a3 63. b4 Rh1 64. Kc2 Rh2 65. Kd3 Ke7 66. Rg3 Rxd2+ 67. Kxd2 Bxf4+ 68. Re3 Kd6 69. Kd3 Bxe3 70. Kxe3 g5 71. Kd3 Kc6 72. Kc3 f4 73. Kd3 Kb5 74. Ke2 Kxb4 75. Kf3 Kc4 76. h4 gxh4 77. Kxf4 Kxd4 78. Kg4 Kc3 79. Kxh4 d4 80. Kg4 d3 81. Kf4 d2 82. Ke5 d1=Q 83. Kxe6 Qd4 84. Kf5 Kc4 85. Ke6 Qc5 86. Kd7 Kd4 87. Ke6 Qe5+ 88. Kf7 Qd6 89. Ke8 Ke5 90. Kf7 Qf6+ 91. Kg8 Qe7 92. Kh8 Kf6 93. Kg8 Qg7# 0-1

[Event "*** Titled Tuesday 3|2 Blitz (Early)"]
[Site "Chess.com"]
[Date "2016.11.01"]
[Round "3"]
[White "Cayse"]
[Black "FairChess_on_YouTube"]
[Result "0-1"]
[WhiteElo "2591"]
[BlackElo "2723"]
[TimeControl "180+2"]
[EndTime "11:36:41 PDT"]
[Termination "FairChess_on_YouTube won by resignation"]

1. e4 c5 2. Nf3 e6 3. d4 cxd4 4. Nxd4 Nc6 5. Nc3 a6 6. Be2 d6 7. O-O Nf6 8. Be3 e5 9. Nxc6 bxc6 10. f4 exf4 11. Bxf4 Be7 12. e5 Qb6+ 13. Kh1 dxe5 14. Bxe5 O-O 15. Qd4 Qxd4 16. Bxd4 c5 17. Be5 Bb7 18.
Rad1 Rad8 19. b3 h5 20. h3 h4 21. Kg1 Ne4 22. Bf3 Nxc3 23. Bxc3 Bxf3 24. Rxd8 Rxd8 25. Rxf3 Rd1+ 26. Rf1 Rxf1+ 27. Kxf1 f5 28. Ke2 Kf7 29. Kd3 g5 30. Kc4 Ke6 31. a4 f4 32. Be1 Kf5 33. Kd3 Bd6 34. Bf2 Ke5 35.
c3 Kd5 36. Bg1 Be7 37. Bf2 Bf8 38. Be1 Bd6 39. Bf2 Ke5 40. Bg1 Kf5 41. Bf2 Ke5 42. Bg1 Kd5 43. Bf2 a5 44. Bg1 Be7 45. Bf2 Bd6 46.
Bg1 Bf8 47. Bf2 Be7 48. Be1 Bd8 49. Bf2 Bb6 50. Be1 c4+ 51. bxc4+ Ke5 52. c5 Bxc5 53.
c4 Bb6 54. Bc3+ Kf5 55. Bd4 Bc7 56. c5 g4 57. hxg4+ Kxg4 58. Bf2 h3 59. gxh3+ Kxh3 60. Ke4 Kg2 61. Bd4 f3 62. c6 f2 63. Bxf2 Kxf2 64. Kd5 Ke3 65. Ke6 Kd4 66. Kd7 Bg3 67.
Kc8 Kc5 68. Kb7 Kb4 0-1

[Event "*** Titled Tuesday 3|2 Blitz (Early)"]
[Site "Chess.com"]
[Date "2016.11.01"]
[Round "3"]
[White "LuckyTiger"]
[Black "ChessWarrior7197"]
[Result "1/2-1/2"]
[WhiteElo "2584"]
[BlackElo "2491"]
[TimeControl "180+2"]
[EndTime "11:36:42 PDT"]
[Termination "Game drawn by agreement"]

1. e4 e5 2. Nf3 Nc6 3. Bb5 a6 4.
Ba4 Nf6 5. d3 b5 6. Bb3 Be7 7.
a4 Rb8 8. O-O O-O 9. Nc3 d6 10. h3 h6 11. Re1 Be6 12. Bxe6 fxe6 13. axb5 axb5 14. d4 exd4 15. Nxd4 Nxd4 16. Qxd4 Nd7 17.
Be3 Bf6 18. Qd2 Ne5 19. b3 Nc6 20. Rad1 Qe8 21. Ne2 Qf7 22. f4 e5 23. f5 Ne7 24.
Nc3 Rfd8 25. Qd3 c6 26. Qf1 d5 27. exd5 Nxd5 28. Ne4 Nxe3 29. Rxe3 Rd5 30. Kh2 Rbd8 31. Red3 Bg5 32. c4 bxc4 33. bxc4 Rxd3 34. Rxd3 Rxd3 35. Qxd3 Qxf5 36. Qf3 Qe6 37. Qg4 Qxg4 38. hxg4 Kf7 39. Kg3 Be7 40. Kf3 Ke6 41. Ke2 g6 42. Kf3 Kd7 43. Ke2 Kc7 44. Kd3 Kb6 45. Kc3 Ka5 46.
Kb3 Kb6 47. Kc3 Ka6 48. Kb3 Ka5 49. Nd2 h5 50. gxh5 gxh5 51. Ne4 Kb6 52. Ng3 h4 53. Ne4 Kc7 54. Kc3 Kd7 55. Kd3 Ke6 56. Ke3 Kf5 57. Kf3 Bf8 58. Nf2 Bc5 59. Ne4 Bb4 60.
Nf2 Be7 61. Ne4 Bf8 62. Nd2 e4+ 63. Nxe4 Ke5 64. g3 h3 65. Nf2 Kd4 66. Nxh3 Kxc4 67.
Ke2 Kb3 68. Ng5 Kc4 69. Nf3 c5 70. Ne5+ Kd4 71. Nd7 1/2-1/2

[Event "*** Titled Tuesday 3|2 Blitz (Early)"]
[Site "Chess.com"]
[Date "2016.11.01"]
[Round "3"]
[White "Dlugy"]
[Black "E-Shaposhnikov"]
[Result "0-1"]
[WhiteElo "2589"]
[BlackElo "2711"]
[TimeControl "180+2"]
[EndTime "11:36:59 PDT"]
[Termination "E-Shaposhnikov won by resignation"]

1. d4 Nf6 2. Bf4 d5 3. e3 c6 4. c4 Bf5 5. Nc3 e6 6. Qb3 Qc8 7. Rc1 Nbd7 8. cxd5 Nxd5 9. Bg3 Bb4 10. Nf3 N7f6 11. a3 Ba5 12. Be2 Ne4 13. O-O Nxg3 14.
hxg3 O-O 15. Ne5 Bc7 16. g4 Bg6 17. Nxg6 hxg6 18. Bf3 Rb8 19. Ne4 a6 20. Nc5 Bd6 21. g3 g5 22. Kg2 g6 23. e4 Nc7 24. Qe3 Qd8 25. Rh1 Kg7 26. Rh2 Rh8 27. Rxh8 Kxh8 28. Rh1+ Kg7 29. Qc3 Nb5 30. Qe3 e5 31. dxe5 Bxe5 32.
b4 Bd4 33. Qb3 Qe7 34. Nd3 Rd8 35. a4 Nc3 36. Re1 Qe6 37. Qc2 Qa2 38. Qxa2 Nxa2 39. Nc5 Bxc5 40. bxc5 Nb4 41. Rb1 a5 42. Be2 Rd2 43. Bc4 Rc2 44. Bb3 Rxc5 45. f4 gxf4 46. gxf4 g5 47. fxg5 Rxg5 48. Kf3 Rc5 49. Kf4 Kf6 50.
Rd1 Rc3 51. Rb1 Nd3+ 52. Ke3 Nc5+ 53. Kd4 Rxb3 54. Rf1+ Ke6 55. Kxc5 Rb4 56. g5 Rxa4 57. Rf6+ Ke7 58. Kb6 Rb4+ 59. Kxa5 Rxe4 60. Rf5 Rd4 61. Kb6 Rd5 62. Rf1 Rb5+ 63. Kc7 Rxg5 64. Kxb7 c5 65. Kc6 Re5 66. Rc1 Ke6 67. Ra1 f5 68. Ra8 Kf6 69.
Rf8+ Kg5 70. Kd6 Kf4 71. Rh8 Re1 72. Kxc5 Rd1 73. Kc4 Kf3 74. Rh3+ Kg4 75. Rh2 f4 76.
Rg2+ Kh3 77. Rg8 f3 78. Rf8 Kg2 79. Rg8+ Kf1 80. Kc3 f2 81. Kc2 Rd4 82. Rg7 Ke2 83.
Re7+ Kf3 84. Rf7+ Rf4 0-1

[Event "*** Titled Tuesday 3|2 Blitz (Early)"]
[Site "Chess.com"]
[Date "2016.11.01"]
[Round "3"]
[White "Anton_Demchenko"]
[Black "jk13"]
[Result "0-1"]
[WhiteElo "2620"]
[BlackElo "2484"]
[TimeControl "180+2"]
[EndTime "11:37:16 PDT"]
[Termination "jk13 won on time"]

1. e4 e5 2. Nf3 Nc6 3. Bc4 Bc5 4. d3 Nf6 5. O-O O-O 6. a4 Re8 7. c3 d5 8. exd5 Nxd5 9. b4 Bf8 10. Qb3 Be6 11.
Ng5 a6 12. Nxe6 fxe6 13. Nd2 Nce7 14. Ne4 Ng6 15. g3 c6 16. a5 h6 17. Be3 Kh8 18. Rae1 Qd7 19. Qd1 Qf7 20. Bc5 Rad8 21. f3 Qf5 22.
Qe2 Be7 23. h4 Rf8 24. Qh2 Rf7 25. Kh1 Nf8 26. Kg2 Nd7 27. Bg1 Rdf8 28. Bb3 Qh5 29. Bd1 Qg6 30. Kh1 N7f6 31. Qd2 Nxe4 32. dxe4 Nf6 33. Bh2 Nh5 34. Qg2 Rd8 35. Bc2 Bf8 36. Rd1 Rfd7 37. Rxd7 Rxd7 38. Rd1 Qe8 39. Qe2 Qd8 40.
Rxd7 Qxd7 41. Kg2 Kg8 42. Bg1 Kf7 43. Qd3 Qxd3 44. Bxd3 Bd6 45. Be3 Kf6 46. Be2 Kf7 47. Bb6 Ke7 48. Kf2 Kf7 49. Kg2 Ke7 50. Ba7 Kf7 51.
Be3 Ke7 52. Bd2 Kf7 53. f4 Nf6 54. Kf3 h5 55. c4 g6 56. b5 Nd7 57. Bc3 Ke7 58. Ke3 Bc5+ 59. Kd3 Kd6 60. f5 exf5 61. exf5 gxf5 62. Bxh5 Bf2 63. Bg6 Ke6 64. bxa6 bxa6 65. h5 Bxg3 66. h6 Nf8 67. Be8 c5 68. Bc6 Bf4 69.
Bb7 Bxh6 70. Bxa6 Kd6 71. Bc8 e4+ 72. Kc2 f4 73. a6 Nd7 74. Bxd7 Kc7 75. Be5+ Kb6 76.
Bc8 f3 77. Bb7 f2 0-1

[Event "*** Titled Tuesday 3|2 Blitz (Early)"]
[Site "Chess.com"]
[Date "2016.11.01"]
[Round "3"]
[White "Blitzstream"]
[Black "Aygehovit1992"]
[Result "1/2-1/2"]
[WhiteElo "2536"]
[BlackElo "2425"]
[TimeControl "180+2"]
[EndTime "11:37:50 PDT"]
[Termination "Game drawn - insufficient material"]

1. d4 d6 2. e4 g6 3. Nc3 a6 4. Bc4 b5 5. Bd5 c6 6. Bb3 Bg7 7. Nf3 Nf6 8. Bg5 b4 9. Bxf6 Bxf6 10.
Ne2 Bg4 11. Qd2 Nd7 12. Qxb4 a5 13. Qd2 a4 14. Bc4 O-O 15. c3 c5 16. O-O Bxf3 17. gxf3 cxd4 18. cxd4 Ra5 19. f4 Rh5 20.
e5 Bg7 21. Qe3 Nb6 22. b3 Bh6 23. Rae1 Nxc4 24. bxc4 Qc8 25. Ng3 Rh4 26. e6 Bxf4 27. exf7+ Rxf7 28. Qe6 Qxe6 29. Rxe6 Bxg3 30. hxg3 Rxd4 31.
c5 dxc5 32. Rc6 Rc4 33. f4 Rf6 34. Rc7 Kf7 35. Kg2 Rc2+ 36. Kh3 Rxa2 37. Rxc5 a3 38. Ra5 h5 39. Ra7 Re6 40. f5 Ree2 41. Kh4 Re4+ 42. Kh3 Ree2 43. fxg6+ Kxg6 44. Ra6+ Kg7 45. Kh4 Re4+ 46.
Kxh5 Rh2+ 47. Kg5 Re5+ 48. Kf4 Rhh5 49. g4 Ra5 50. Re6 Rh6 51. Rxe7+ Kf8 52. Rfe1 Rf6+ 53. Kg3 a2 54. Re8+ Kg7 55. Ra1 Ra3+ 56. Kh4 Rh6+ 57. Kg5 Rg6+ 58. Kf4 Rf6+ 59. Kg5 Ra5+ 60. Kh4 Rh6+ 61.
Kg3 Ra3+ 62. Kf4 Rb6 63. Re2 Rb4+ 64. Kg5 Rb5+ 65. Kh4 Rba5 66. Rf2 Kg6 67. Re2 R5a4 68. Rf2 Ra8 69. Rf5 Rh8+ 70. Rh5 Rb8 71. Rg5+ Kf6 72. Rf5+ Ke6 73. Rf2 Rba8 74. Re2+ Kd5 75. g5 Kc4 76. g6 Kd3 77. Rg2 R8a4+ 78. Kg5 Ra5+ 79. Kh6 Ra6 80. Rg3+ Kc2 81. Rxa3 Rxa3 82. g7 Rh3+ 83. Kg6 Rg3+ 84. Kf7 Kb2 85. Rxa2+ Kxa2 86. g8=Q Rxg8 87. Kxg8 1/2-1/2